 Dungeon Crawl Stone Soup version 0.23.0-28-g6fe0f4d (webtiles) character file.

Game seed: 0

45474 dengdeng the Severer (level 14, -14/126 HPs)
             Began as a Minotaur Berserker on Feb 25, 2019.
             Was a High Priest of Trog.
             Killed by divine providence
             ... invoked by an orc priest
              (16 damage)
             ... on level 2 of the Orcish Mines.
             The game lasted 01:02:40 (19069 turns).

dengdeng the Severer (Minotaur Berserker)          Turns: 19069, Time: 01:02:41

Health: -14/126    AC: 25    Str: 26    XL:     14   Next: 1%
Magic:  13/13      EV:  9    Int:  4    God:    Trog [*****.]
Gold:   1402       SH:  0    Dex: 11    Spells: 13/13 levels left

rFire    . . .     SeeInvis .   E - +7 executioner's axe (freeze)
rCold    . . .     Gourm    .   (shield currently unavailable)
rNeg     + . .     Faith    .   O - +4 plate armour {rPois}
rPois    +         Spirit   .   (helmet restricted)
rElec    .         Reflect  .   X - +0 cloak
rCorr    .         Harm     .   b - +0 pair of gloves
MR       ++...                  v - +0 pair of boots
Stlth    ..........             (no amulet)
HPRegen  0.31/turn              y - ring of protection from magic
MPRegen  0.13/turn              R - ring of positive energy

@: berserk cooldown, slowed, very slow
A: retaliatory headbutt, horns 2
a: Berserk, Trog's Hand, Brothers in Arms, Renounce Religion


You were on level 2 of the Orcish Mines.
You worshipped Trog.
Trog was extremely pleased with you.
You were near starving.

You visited 2 branches of the dungeon, and saw 17 of its levels.
You also visited: Volcano.

You collected 1402 gold pieces.

Inventory:

Hand Weapons
 E - a +7 executioner's axe of freezing (weapon)
 I - a +5 battleaxe of flaming
 T - a +2 antimagic triple sword
Missiles
 g - 514 stones
 A - 2 tomahawks of returning (quivered)
 B - 8 javelins
 N - 11 tomahawks
Armour
 a - a +2 scale mail of fire resistance
 b - a +0 pair of gloves (worn)
 v - a +0 pair of boots (worn)
 O - a +4 plate armour of poison resistance (worn)
 V - a +0 shield of fire resistance
 X - a +0 cloak (worn)
Jewellery
 y - a ring of protection from magic (left hand)
 R - a ring of positive energy (right hand)
Wands
 q - a wand of flame (31)
 L - a wand of iceblast (6)
Scrolls
 h - 13 scrolls of identify
 i - 2 scrolls of amnesia {unknown}
 k - 4 scrolls of fog {unknown}
 l - 11 scrolls of remove curse {unknown}
 p - a scroll of fear {unknown}
 t - 5 scrolls of teleportation {unknown}
 u - 5 scrolls of magic mapping {unknown}
 F - a scroll of noise {unknown}
 G - a scroll of enchant weapon {unknown}
 M - 2 scrolls of vulnerability {unknown}
 S - 2 scrolls of immolation {unknown}
 U - a scroll of enchant armour {unknown}
 Y - a scroll of blinking {unknown}
Potions
 d - 2 potions of cancellation {unknown}
 e - 2 potions of might {unknown}
 f - 3 potions of brilliance {unknown}
 j - 2 potions of haste {unknown}
 m - 6 potions of heal wounds
 n - a potion of agility {unknown}
 o - 3 potions of lignification {unknown}
 s - 2 potions of mutation {unknown}
 w - 4 potions of flight {unknown}
 x - 2 potions of ambrosia
 z - 4 potions of curing {unknown}
 Z - 5 potions of berserk rage {unknown}
Comestibles
 c - 31 rations


   Skills:
 * Level 12.1 Fighting
 * Level 17.0(18.1) Axes
   Level 11.5(15.5) Polearms
 + Level 3.7 Throwing
 + Level 15.1 Armour
 + Level 4.0 Dodging
 + Level 0.6 Stealth


You had 13 spell levels left.
You didn't know any spells.
Your spell library was empty.

Dungeon Overview and Level Annotations

Branches:
Dungeon (15/15)            Temple (0/1) D:4            Lair (0/6) D:10
    Orc (2/2) D:10            Elf (0/3) Orc:2        Vaults (0/5) D:13
 Depths (0/5) D:15

Altars:
Ashenzari
Cheibriados
Dithmenos
Elyvilon
Fedhas
Gozag
Hepliaklqana
Kikubaaqudgha
Makhleb
Nemelex Xobeh
Sif Muna
Trog
Xom

Shops:
D:15 [

Portals:
Trove: D:11 (give +3 fire dragon scales)


Innate Abilities, Weirdness & Mutations

You reflexively headbutt those who attack you in melee.
You have a pair of horns on your head.


Message History

The orc sorcerer mumbles some strange words.
The orc warrior closely misses you.
The orc warrior hits you but does no damage.
The warg bites you but does no damage.
The orc warrior hits you but does no damage.
The troll bites you but does no damage. The troll claws you but does no damage.
The troll barely misses you.
The orc warrior hits you but does no damage. x2
The ogre barely misses you. You furiously retaliate!
You headbutt the ogre.
The orc knight no longer looks unusually strong.
The orc wizard no longer looks unusually strong.
The warg barely misses you. You furiously retaliate!
You headbutt the warg! The troll bites you but does no damage.
The troll barely misses you. The troll claws you but does no damage.
The ynoxinul gestures.
The orc warrior barely misses you. You furiously retaliate!
You headbutt the orc warrior!
The orc priest calls down the wrath of Beogh upon you.
Beogh smites you!
You die...

...............
.................
....................
....................#
......................
......#...............##
........#.<.............#
.o......o.T@.........<...#
.o.......oooho<...........#
.o....o..5o#oOO............#
...o......o3oOo...........##
.........ooo.o4..........##
#......oo55h......>......#
##.....o..................#
##...........#...#........##
#..........................#


You could see an orc warlord, 2 orc knights, an orc high priest, a troll, a
ynoxinul, 2 wargs, 2 orc sorcerers, a red devil, 6 orc warriors, 3 ogres, an orc
priest, 2 orc wizards, 2 orcs and 3 ufetubi.

Vanquished Creatures
  Jorgrun (D:13)
  A red draconian (Volcano)
  2 vault guards (D:13)
  A hydra (D:13)
  An anaconda (shapeshifter) (D:15)
  3 centaur warriors
  Erica (D:9)
  5 two-headed ogres
  A tengu warrior (D:13)
  An orc high priest (Orc:2)
  An unseen horror (D:11)
  A glowing orange brain (D:15)
  A swamp dragon (shapeshifter) (D:15)
  4 slime creatures (D:15)
  9 ugly things
  12 deep elf magi (D:13)
  2 cyclopes
  2 manticores
  6 centaur zombies
  4 gargoyles
  2 yaktaurs
  A rime drake (shapeshifter) (D:15)
  2 polar bears (D:11)
  8 trolls
  A polar bear (shapeshifter) (D:15)
  A raiju (shapeshifter) (D:15)
  5 hippogriffs
  Sigmund (D:2)
  A spriggan (D:11)
  2 shadows (D:12)
  A wyvern (D:14)
  10 humans (D:13)
  3 yaks (D:12)
  A hog (shapeshifter) (D:13)
  4 hungry ghosts
  Menkaure (D:5)
  A warg (Orc:1)
  2 acid dragons
  A porcupine (D:10)
  18 orc warriors
  2 phantoms
  A black bear (D:10)
  2 ice beasts
  3 sky beasts
  2 necrophages
  14 ogres
  11 centaurs
  A crocodile (D:7)
  A big kobold (D:11)
  11 bullfrogs
  2 wyvern skeletons
  2 wyvern zombies
  9 scorpions
  18 killer bees
  3 howler monkeys
  12 wights
  2 electric eels (D:6)
  2 bullfrog zombies
  3 crimson imps
  11 orc priests
  4 jellies
  5 hounds
  5 bullfrog skeletons
  3 centaur skeletons
  6 iguanas
  7 worker ants
  17 orc wizards
  A hound zombie (D:7)
  A hound skeleton (D:4)
  5 gnolls (D:7)
  A howler monkey skeleton (D:9)
  20 adders
  9 river rats (D:5)
  An adder (shapeshifter) (D:15)
  2 shadow imps
  3 oozes
  3 adder zombies
  3 adder skeletons
  2 dart slugs
  8 leopard geckos
  53 orcs
  4 ball pythons
  A bat zombie (D:3)
  7 giant cockroaches
  9 hobgoblins
  14 jackals
  7 quokkas
  8 bats
  7 frilled lizards
  9 goblins
  8 kobolds
  A leopard gecko zombie (D:7)
  19 rats
  3 rat zombies (D:3)
493 creatures vanquished.

Vanquished Creatures (others)
  2 orcs (D:13)
  5 fungi (Orc:2)
7 creatures vanquished.

Grand Total: 500 creatures vanquished

Notes
Turn   | Place    | Note
-------+----------+-------------------------------------------
     0 | D:1      | dengdeng the Minotaur Berserker began the quest for the
                  | Orb.
     0 | D:1      | Reached XP level 1. HP: 19/19 MP: 0/0
   129 | D:1      | Reached XP level 2. HP: 21/27 MP: 1/1
   136 | D:1      | Reached skill level 4 in Axes
   833 | D:1      | Reached XP level 3. HP: 31/33 MP: 2/2
  1067 | D:2      | Noticed Sigmund
  1078 | D:2      | Killed Sigmund
  1078 | D:2      | Reached ** piety under Trog
  1078 | D:2      | Reached skill level 5 in Axes
  1078 | D:2      | Reached XP level 4. HP: 33/41 MP: 3/3
  1078 | D:2      | Reached XP level 5. HP: 38/47 MP: 4/4
  1339 | D:2      | Found a faded altar of an unknown god.
  1930 | D:3      | Reached skill level 5 in Fighting
  2026 | D:3      | Found an ancient bone altar of Kikubaaqudgha.
  2107 | D:3      | Reached skill level 6 in Axes
  2157 | D:3      | Reached skill level 1 in Polearms
  2157 | D:3      | Reached XP level 6. HP: 52/56 MP: 5/5
  2578 | D:3      | Reached *** piety under Trog
  2827 | D:4      | Reached XP level 7. HP: 61/61 MP: 6/6
  2866 | D:4      | Reached skill level 5 in Armour
  2883 | D:4      | Found a staircase to the Ecumenical Temple.
  2961 | D:4      | Reached skill level 5 in Polearms
  3790 | D:5      | Entered Level 5 of the Dungeon
  3797 | D:5      | Reached **** piety under Trog
  3848 | D:5      | Noticed Menkaure
  3857 | D:5      | Killed Menkaure
  3857 | D:5      | Reached XP level 8. HP: 17/70 MP: 7/7
  4570 | D:5      | Found a burning altar of Makhleb.
  4570 | D:5      | Noticed a balrug
  4738 | D:6      | Found a transporter.
  4814 | D:6      | Reached ***** piety under Trog
  4953 | D:6      | Reached XP level 9. HP: 78/78 MP: 8/8
  4990 | D:6      | Found a transporter.
  5166 | D:6      | HP: 1/78 [electric eel/bolt of electricity (8)]
  5556 | D:7      | Found an opulent altar of Gozag.
  5590 | D:7      | Found a bloodstained altar of Trog.
  5592 | D:7      | Found a blossoming altar of Fedhas.
  5592 | D:7      | Found a hazy altar of Hepliaklqana.
  5592 | D:7      | Found an opulent altar of Gozag.
  5595 | D:7      | Found a sparkling altar of Nemelex Xobeh.
  5595 | D:7      | Found a snail-covered altar of Cheibriados.
  5937 | D:7      | Reached skill level 1 in Throwing
  6087 | D:7      | Found a shimmering altar of Xom.
  6113 | D:7      | Reached skill level 10 in Polearms
  6851 | D:7      | Received a gift from Trog
  7296 | D:8      | Found a deep blue altar of Sif Muna.
  7584 | D:8      | Reached XP level 10. HP: 80/86 MP: 9/9
  7857 | D:8      | Found a white marble altar of Elyvilon.
  7858 | D:8      | Found a shattered altar of Ashenzari.
  8392 | D:9      | Noticed Erica
  8401 | D:9      | Killed Erica
  8401 | D:9      | Reached skill level 7 in Axes
  8401 | D:9      | Reached skill level 10 in Armour
  8701 | D:9      | Reached skill level 8 in Axes
  8857 | D:9      | Noticed a cyclops
  8866 | D:9      | Killed a cyclops
  9053 | D:9      | Noticed a two-headed ogre
  9060 | D:9      | Killed a two-headed ogre
  9552 | D:10     | Entered Level 10 of the Dungeon
  9613 | D:10     | Found a staircase to the Lair.
  9616 | D:10     | Reached skill level 9 in Axes
  9649 | D:10     | Noticed a two-headed ogre
  9654 | D:10     | Killed a two-headed ogre
  9654 | D:10     | Reached XP level 11. HP: 94/94 MP: 10/10
  9993 | D:10     | Reached skill level 10 in Axes
 10790 | D:10     | Found a staircase to the Orcish Mines.
 10926 | D:11     | Found a portal to a secret trove of treasure.
 11101 | D:11     | Received a gift from Trog
 11268 | D:11     | Killed an unseen horror
 11511 | D:11     | Reached skill level 11 in Axes
 11621 | D:11     | Found a bloodstained altar of Trog.
 12130 | D:12     | Reached skill level 12 in Axes
 12549 | D:12     | Noticed a two-headed ogre
 12557 | D:12     | Killed a two-headed ogre
 12709 | D:13     | Noticed a deep elf mage
 12710 | D:13     | Noticed a centaur warrior
 12716 | D:13     | Killed a deep elf mage
 12716 | D:13     | Reached XP level 12. HP: 32/104 MP: 11/11
 13042 | D:13     | Killed a centaur warrior
 13617 | D:13     | Reached skill level 13 in Axes
 13633 | D:13     | Noticed a vault guard
 13636 | D:13     | Noticed a vault guard
 13646 | D:13     | Killed a vault guard
 13646 | D:13     | Received a gift from Trog
 13650 | D:13     | Killed a vault guard
 13650 | D:13     | Reached skill level 10 in Fighting
 13804 | D:13     | Reached skill level 14 in Axes
 14178 | D:13     | Noticed a tengu warrior
 14191 | D:13     | Killed a tengu warrior
 14371 | D:13     | Noticed Jorgrun
 14382 | D:13     | Killed Jorgrun
 14382 | D:13     | Reached XP level 13. HP: 44/114 MP: 12/12
 14692 | D:13     | Reached skill level 15 in Axes
 14941 | D:13     | Found a gate to the Vaults.
 15698 | D:14     | Found a shadowy altar of Dithmenos.
 16240 | D:15     | Entered Level 15 of the Dungeon
 16393 | D:15     | Found Ywileth's Antique Armour Boutique.
 16488 | D:15     | Received a gift from Trog
 16532 | D:15     | Reached skill level 15 in Armour
 17251 | D:15     | Reached skill level 16 in Axes
 17688 | D:15     | Found a staircase to the Depths.
 17991 | Orc:1    | Entered Level 1 of the Orcish Mines
 18153 | Orc:1    | Found a dark tunnel.
 18158 | Volcano  | Entered a volcano
 18262 | Volcano  | Found a burning altar of Makhleb.
 18262 | Volcano  | Noticed a red draconian
 18276 | Volcano  | Killed a red draconian
 18988 | Orc:2    | Entered Level 2 of the Orcish Mines
 18988 | Orc:2    | Found a staircase to the Elven Halls.
 19048 | Orc:2    | Reached XP level 14. HP: 122/126 MP: 13/13
 19059 | Orc:2    | Noticed an orc warlord
 19066 | Orc:2    | Reached skill level 17 in Axes
 19067 | Orc:2    | HP: 1/126 [orc warrior/+0 battleaxe (20)]
 19069 | Orc:2    | Killed from afar by an orc priest

Skill      XL: |  1  2  3  4  5  6  7  8  9 10 11 12 13 14 |
---------------+-------------------------------------------+-----
Axes           | 4 5 6 9 12 14 16 17 | 17.0
Fighting       | 4 5 6 7 8 9 10 12 | 12.1
Armour         | 3 4 5 7 9 11 12 14 15 | 15.1
Polearms       | 1 3 6 8 11 | 11.5
Dodging        | 3 4 |  4.0
Throwing       | 1 2 3 |  3.7
Stealth        | |  0.6

Action                   |  1- 3 |  4- 6 |  7- 9 | 10-12 | 13-15 || total
-------------------------+-------+-------+-------+-------+-------++-------
Melee: Hand axe          |    77 |     1 |       |       |       ||    78
       Headbutt          |     6 |    12 |    56 |    68 |    39 ||   181
       Scythe            |       |   111 |   309 |       |       ||   420
       Battleaxe         |       |       |    29 |   399 |    90 ||   518
       Executioner's axe |       |       |       |       |    83 ||    83
Throw: Stone             |       |       |     2 |       |     1 ||     3
       Tomahawk          |       |       |    11 |    22 |    28 ||    61
Invok: Berserk           |     1 |       |     4 |     8 |     4 ||    17
       Trog's Hand       |       |       |     1 |       |       ||     1
  Use: Scroll            |       |       |     2 |     3 |     4 ||     9
       Potion            |       |       |       |     1 |       ||     1
  Eat: Chunk             |     1 |     4 |    20 |    20 |    15 ||    60
       Ration            |       |     2 |     1 |     3 |     1 ||     7
Armor: Animal skin       |    16 |     1 |       |       |       ||    17
       Chain mail        |       |    72 |   133 |       |       ||   205
       Plate armour      |       |       |   201 |   335 |   137 ||   673
       Scale mail        |       |       |       |       |     4 ||     4
Dodge: Dodged            |    62 |    58 |   240 |   197 |   101 ||   658
